 Dungeon Crawl Stone Soup version 0.28.0-53-g5a82cb258f (webtiles) character file.

Game seed: 3920368520694604207

1367 unlimited1921 the Magician (level 8, -2/51 HPs)
             Began as a Djinni Fire Elementalist on July 8, 2022.
             Slain by a troll (4 damage)
             ... on level 6 of the Dungeon.
             The game lasted 00:17:47 (9958 turns).

unlimited1921 the Magician (DjFE)                   Turns: 9958, Time: 00:17:49

Health: -2/51      AC:  8    Str:  7    XL:     8   Next: 97%
Gold:   163        EV: 12    Int: 20    God:
                   SH:  0    Dex: 13

rFire   + + .      SeeInvis .   A - +4 falchion (protect)
rCold   x . .      Faith    .   (no shield)
rNeg    + . .      Spirit   .   B - +2 leather armour {Will+}
rPois   ∞          Reflect  .   (no helmet)
rElec   .          Harm     .   (no cloak)
rCorr   +          Rampage  .   i - +2 pair of gloves
Will    +....                   (boots unavailable)
Stlth   ++........              (no amulet)
HPRegen 0.17/turn               l - ring of positive energy
MPRegen 0.00/turn               u - ring of resist corrosion

@: flying
A: sickness immunity, fire resistance 2, cold vulnerability 1, float, innate
caster, HP casting, extra vitality 1
a: no special abilities


You were on level 6 of the Dungeon.
You visited 1 branch of the dungeon, and saw 6 of its levels.

You collected 163 gold pieces.

Inventory:

Hand Weapons
 j - a +0 short sword
 A - a +4 falchion of protection (weapon)
Missiles
 d - 159 stones
 w - a boomerang
 x - 8 poisoned darts
Armour
 i - a +2 pair of gloves (worn)
 B - a +2 leather armour of willpower (worn)
Jewellery
 l - a ring of positive energy (left hand)
 u - a ring of resist corrosion (right hand)
Wands
 q - a wand of iceblast (5) (quivered)
Scrolls
 b - 2 scrolls of noise {unknown}
 c - a scroll of enchant armour {unknown}
 e - 5 scrolls of teleportation {unknown}
 g - 3 scrolls of identify {unknown}
 k - a scroll of enchant weapon {unknown}
 m - a scroll of summoning {unknown}
 s - a scroll of holy word {unknown}
 t - a scroll of fear {unknown}
 y - a scroll of vulnerability {unknown}
 z - a scroll of acquirement {unknown}
Potions
 a - a potion of heal wounds {unknown}
 f - a potion of cancellation {unknown}
 h - 2 potions of berserk rage {unknown}
 n - a potion of curing {unknown}
 p - a potion of attraction {unknown}
 r - a potion of mutation {unknown}
 v - a potion of might {unknown}


   Skills:
 + Level 0.8 Fighting
 + Level 0.4 Long Blades
 + Level 2.0 Armour
 + Level 2.7 Dodging
 + Level 3.4 Stealth
 + Level 7.4 Spellcasting


You had 2 spell levels left.
You knew the following spells:

 Your Spells              Type           Power      Damage    Failure   Level
a - Foxfire               Conj/Fire      100%       2x1d9     1%          1
b - Scorch                Fire           74%        2d8       1%          2
c - Conjure Flame         Conj/Fire      37%        6-21      1%          3
d - Inner Flame           Hex/Fire       37%        N/A       1%          3
e - Flame Wave            Conj/Fire      37%        2d9       6%          4
f - Animate Skeleton      Necr           74%        N/A       1%          1
g - Static Discharge      Conj/Air       37%        N/A       1%          2
h - Swiftness             Air            37%        N/A       1%          3
Your spell library was empty.

Dungeon Overview and Level Annotations

Branches:
Dungeon (6/15)             Temple (0/1) D:5

Altars:
Xom

Annotations:
D:5 3 runed translucent doors, RedNights's ghost, weakling SpDe


Innate Abilities, Weirdness & Mutations

You are immune to sickness and miasma.
You are immune to poison.
Your flesh is very heat resistant. (rF++)
You are vulnerable to cold. (rC-)
You float through the air rather than walking.
You learn spells naturally, not from books.
Your magical power is your life essence.
You have superior vitality. (+4 MHP)


Message History

The troll is lightly wounded.
Casting: Foxfire (safe; 1% risk of failure)
Confirm with . or Enter, or press ? or * to list all spells.
You conjure some foxfire!
The foxfire hits the iguana but does no damage.
The foxfire hits the iguana.
The iguana is lightly wounded.
Found 16 gold pieces.
The foxfire hits the iguana but does no damage.
The iguana is lightly wounded.
The foxfire hits the iguana.
The iguana is lightly wounded.
Casting: Foxfire (safe; 1% risk of failure)
Confirm with . or Enter, or press ? or * to list all spells.
You conjure some foxfire!
The iguana bites you! The troll bites you! The troll claws you!
The troll barely misses you.
Your foxfire dissipates!
The foxfire hits the iguana.
The iguana is heavily wounded.
Casting: Foxfire (safe; 1% risk of failure)
Confirm with . or Enter, or press ? or * to list all spells.
You conjure some foxfire!
The iguana bites you.
* * * LOW HITPOINT WARNING * * *
The troll bites you.
* * * LOW HITPOINT WARNING * * *
The troll claws you!
* * * LOW HITPOINT WARNING * * *
The troll claws you.
* * * LOW HITPOINT WARNING * * *
The foxfire hits the iguana.
The iguana is heavily wounded.
The foxfire hits the iguana but does no damage.
The iguana is heavily wounded.
Aiming: Iceblast
Press: ? - help, Q - select action, (/) - cycle Shift-Dir - straight line The mass of ice explodes!
The iceblast engulfs the troll!
The troll is moderately wounded.
You hear a shout!
The iguana barely misses you. The troll misses you. The troll claws you.
You die...

#.# #.$ #.##### #.#...
##########.#.#####
........#.!....$..
#.......T§.......
#.....l@.......
#.##$####.##### #.##
#.#...... #.## #.#.##.##..
#.## #.#.##.# .# #.##
#.#.##.# . #.##
###.#.##.###########.##
#.##......................
#>.....(.................)


You could see a troll and an iguana.

Vanquished Creatures
  Eustachio (D:5)
  Menkaure (D:5)
  Edmund (D:6)
  A sky beast (D:6)
  3 ogres
  2 scorpions
  A wyvern skeleton (D:5)
  4 wights (D:6)
  An orc priest (D:4)
  2 hounds
  3 jellies
  An orc wizard (D:4)
  4 adders
  A white imp (D:5)
  An ufetubus (D:6)
  An adder skeleton (D:4)
  3 dart slugs (D:1)
  16 orcs
  7 ball pythons
  2 endoplasms
  4 giant cockroaches
  9 goblins
  7 hobgoblins
  3 quokkas
  3 bats
  A frilled lizard (D:2)
  4 kobolds
  6 rats
93 creatures vanquished.

Vanquished Creatures (others)
  337 foxfires
337 creatures vanquished.

Grand Total: 430 creatures vanquished

Notes
Turn   | Place    | Note
-------+----------+-------------------------------------------
     0 | D:1      | unlimited1921 the Djinni Fire Elementalist began the quest
                  | for the Orb.
     0 | D:1      | Reached XP level 1. HP: 15/15 MP: 0/0
   547 | D:1      | Reached XP level 2. HP: 17/21 MP: 0/0
  1201 | D:1      | Reached skill level 3 in Spellcasting
  1727 | D:1      | Reached XP level 3. HP: 22/25 MP: 0/0
  1727 | D:1      | Learned a level 1 spell: Animate Skeleton
  4113 | D:3      | Reached XP level 4. HP: 30/31 MP: 0/0
  5665 | D:4      | Noticed a scorpion
  5673 | D:4      | Killed a scorpion
  5674 | D:4      | Reached skill level 4 in Spellcasting
  5674 | D:4      | Reached XP level 5. HP: 20/35 MP: 0/0
  5674 | D:4      | Learned a level 2 spell: Static Discharge
  5988 | D:4      | Noticed an ogre
  5994 | D:4      | Killed an ogre
  5995 | D:4      | Reached XP level 6. HP: 29/40 MP: 0/0
  7018 | D:4      | Reached skill level 5 in Spellcasting
  7213 | D:5      | Entered Level 5 of the Dungeon
  7227 | D:5      | Reached XP level 7. HP: 42/45 MP: 0/0
  7227 | D:5      | Learned a level 3 spell: Swiftness
  7227 | D:5      | Noticed Menkaure
  7231 | D:5      | Killed Menkaure
  7451 | D:5      | Found a shimmering altar of Xom.
  7631 | D:5      | Found a staircase to the Ecumenical Temple.
  8000 | D:5      | Reached skill level 6 in Spellcasting
  8283 | D:5      | Noticed Eustachio
  8289 | D:5      | Killed Eustachio
  8290 | D:5      | Reached XP level 8. HP: 38/51 MP: 0/0
  8942 | D:5      | Found a runed translucent gate.
  8942 | D:5      | Found a runed translucent gate.
  8971 | D:5      | Found a runed translucent gate.
  8976 | D:5      | Noticed RedNights's ghost (weakling SpDe)
  9564 | D:6      | Reached skill level 1 in Armour
  9587 | D:6      | Noticed Edmund
  9593 | D:6      | Killed Edmund
  9594 | D:6      | Reached skill level 7 in Spellcasting
  9948 | D:6      | Noticed a troll
  9956 | D:6      | HP: 1/51 [troll (2)]
  9958 | D:6      | Slain by a troll

Illustrated notes

Levels and vault maps discovered:
D:1:      dpeg_arrival_castle, layout_rooms, serial_bayou_pond_d,
          kennysheep_small_spiral
D:2:      layout_basic
D:3:      layout_loops_ring
D:4:      layout_rooms, chequers_serial_rivers_small_a
D:5:      layout_basic, lemuel_tele_altar, minmay_temple_entry_crystal_x,
          gammafunk_ghost_necromancy, uniq_menkaure, uniq_eustachio
D:6:      layout_basic, uniq_edmund

Skill      XL: |  1  2  3  4  5  6  7  8 |
---------------+-------------------------+-----
Spellcasting   | 3 4 5 6 7 |  7.4
Stealth        | 2 3 |  3.4
Armour         | 2 |  2.0
Fighting       | |  0.8
Long Blades    | |  0.4
Dodging        | |  2.7

Action                   |  1- 3 |  4- 6 |  7- 9 || total
-------------------------+-------+-------+-------++-------
Melee: Short sword       |       |     1 |       ||     1
       Falchion          |       |       |    16 ||    16
 Cast: Foxfire           |    96 |    73 |    42 ||   211
       Scorch            |       |     9 |    16 ||    25
       Inner Flame       |       |    11 |    10 ||    21
Evoke: Wand              |       |       |     1 ||     1
Armor: Robe              |     7 |     1 |       ||     8
       Leather armour    |       |       |    12 ||    12
Dodge: Dodged            |     5 |     3 |    15 ||    23
